[ AOE2 MATCH · #466532244 ]
UnrankedHuns vs Khmer
[ REPLAY ANALYSIS · EXTRACTED FROM THE RECORDED GAME ]
Feudal
10:34
Castle
24:43
Imperial
33:46
| APM avg | 24.1 |
| APM peak | 57 |
| eAPM avg | 17.8 |
| Villagers / military | 113 / 564 |
Focus
⚔️ 52.0% · 🌾 48.0%
Knight ×183 · Scout Cavalry ×167 · Spearman ×138 · Tarkan ×63 · Trade Cart ×15 · Trebuchet (Packed) ×6
Feudal
11:46
Castle
14:30
Imperial
35:14
| APM avg | 28.3 |
| APM peak | 96 |
| eAPM avg | 19.5 |
| Villagers / military | 295 / 1364 |
Focus
⚔️ 27.7% · 🌾 72.3%
Scout Cavalry ×654 · Spearman ×550 · Scorpion ×127 · Trebuchet (Packed) ×19 · Battle Elephant ×13 · Ballista Elephant ×1
Feudal
12:00
Castle
19:16
Imperial
35:34
| APM avg | 16.9 |
| APM peak | 45 |
| eAPM avg | 11.1 |
| Villagers / military | 93 / 938 |
Focus
⚔️ 37.5% · 🌾 62.5%
Eagle Scout ×624 · Spearman ×293 · Trade Cart ×13 · Fishing Ship ×11 · Monk ×6 · Fire Galley ×6
Feudal
11:26
Castle
20:33
Imperial
33:19
| APM avg | 21.1 |
| APM peak | 60 |
| eAPM avg | 16.1 |
| Villagers / military | 201 / 668 |
Focus
⚔️ 52.5% · 🌾 47.5%
Spearman ×297 · Longbowman ×202 · Skirmisher ×140 · Trebuchet (Packed) ×26 · Trade Cart ×16 · Monk ×3
Feudal
12:23
Castle
20:14
Imperial
46:10
| APM avg | 19.3 |
| APM peak | 72 |
| eAPM avg | 8.8 |
| Villagers / military | 123 / 311 |
Focus
⚔️ 35.5% · 🌾 64.5%
Knight ×168 · Teutonic Knight ×77 · Spearman ×62 · Trade Cart ×32 · Battering Ram ×3 · Monk ×1
Feudal
13:51
Castle
18:38
Imperial
32:39
| APM avg | 23.1 |
| APM peak | 71 |
| eAPM avg | 12.2 |
| Villagers / military | 164 / 199 |
Focus
⚔️ 39.8% · 🌾 60.2%
Knight ×155 · Trade Cart ×38 · Cannon Galleon ×21 · Fishing Ship ×19 · Scout Cavalry ×13 · Transport Ship ×5
Match map
Initial resources + every placement click. Lines = walls · curves = elevation contours. ◆ gold · ⬟ stone · ● berries · ✦ relic · ◌ wall gap
Your base· ✓ Closed at 24:43 · 0t walls · fragile
supermarios85's base· ✓ Closed at 14:30 · 1t walls · fragile
Basado Basadez's base· ✓ Closed at 19:16 · 0t walls · fragile
Ramme_07's base· ✓ Closed at 20:33 · 65t walls · 3 gate(s)
The Bear Jew's base· ✓ Closed at 20:14 · 22t walls · fragile
yangka.dragon's base· ✓ Closed at 18:38 · 76t walls · fragile
Smoothed initial terrain · ◌ = detected wall gap · hover for details
Inputs per minute
— Goroez - - supermarios85
Build order — Goroez
First 150 of 882 actions detected
| 0:01 | Create | Villager (Male) |
| 0:01 | Create | Villager (Male) |
| 0:01 | Create | Villager (Male) |
| 0:09 | Create | Villager (Male) |
| 1:22 | Create | Villager (Male) |
| 1:49 | Create | Villager (Male) |
| 1:49 | Create | Villager (Male) |
| 2:22 | Create | Villager (Male) |
| 2:37 | Build | Lumber Camp |
| 2:51 | Create | Villager (Male) |
| 3:12 | Create | Villager (Male) |
| 3:21 | Research | Loom |
| 3:22 | Create | Villager (Male) |
| 3:43 | Create | Villager (Male) |
| 4:14 | Create | Villager (Male) |
| 4:19 | Build | Mill |
| 4:30 | Create | Villager (Male) |
| 5:26 | Create | Villager (Male) |
| 5:46 | Create | Villager (Male) |
| 6:00 | Create | Villager (Male) |
| 6:38 | Create | Villager (Male) |
| 6:46 | Create | Villager (Male) |
| 7:10 | Build | Farm |
| 7:19 | Create | Villager (Male) |
| 7:39 | Build | Mining Camp |
| 7:50 | Create | Villager (Male) |
| 8:02 | Build | Barracks |
| 8:24 | Research | Feudal Age |
| 8:54 | Create | Villager (Male) |
| 8:59 | Create | Villager (Male) |
| 9:50 | Create | Villager (Male) |
| 10:34 | Age | Feudal Age |
| 10:37 | Build | Stable |
| 10:41 | Build | Stable |
| 10:48 | Create | Villager (Male) |
| 11:18 | Build | Mining Camp |
| 11:21 | Create | Villager (Male) |
| 11:30 | Research | Town Watch |
| 11:31 | Create | Villager (Male) |
| 11:32 | Create | Scout Cavalry |
| 11:33 | Create | Scout Cavalry |
| 11:34 | Create | Scout Cavalry |
| 11:35 | Create | Scout Cavalry |
| 11:44 | Create | Villager (Male) |
| 11:52 | Create | Villager (Male) |
| 12:09 | Create | Scout Cavalry |
| 12:43 | Create | Villager (Male) |
| 12:50 | Build | Blacksmith |
| 12:54 | Create | Villager (Male) |
| 13:11 | Create | Villager (Male) |
| 13:29 | Research | Double-Bit Axe |
| 13:34 | Create | Villager (Male) |
| 13:42 | Build | Lumber Camp |
| 13:45 | Create | Villager (Male) |
| 14:23 | Research | Forging |
| 14:27 | Build | Farm |
| 14:33 | Build | Farm |
| 14:50 | Build | Farm |
| 15:07 | Create | Villager (Male) |
| 15:15 | Build | Farm |
| 15:27 | Create | Villager (Male) |
| 15:38 | Create | Villager (Male) |
| 15:42 | Build | Farm |
| 15:45 | Research | Horse Collar |
| 15:54 | Create | Villager (Male) |
| 16:05 | Build | Farm |
| 16:27 | Create | Villager (Male) |
| 16:32 | Build | Farm |
| 16:52 | Create | Villager (Male) |
| 16:57 | Build | Farm |
| 17:12 | Build | Farm |
| 17:16 | Build | Farm |
| 17:29 | Build | Farm |
| 17:30 | Create | Villager (Male) |
| 17:38 | Build | Farm |
| 17:44 | Build | Farm |
| 17:54 | Create | Villager (Male) |
| 18:00 | Research | Scale Barding Armor |
| 18:07 | Create | Villager (Male) |
| 19:25 | Create | Villager (Male) |
| 19:54 | Create | Villager (Male) |
| 20:04 | Build | Farm |
| 20:23 | Create | Villager (Male) |
| 20:27 | Build | Farm |
| 20:45 | Create | Villager (Male) |
| 20:56 | Build | Dock |
| 21:06 | Create | Villager (Male) |
| 21:17 | Build | Market |
| 21:21 | Create | Villager (Male) |
| 21:59 | Research | Castle Age |
| 22:01 | Create | Demolition Raft |
| 22:04 | Create | Demolition Raft |
| 22:08 | Create | Galley |
| 22:10 | Create | Fishing Ship |
| 22:12 | Create | Fishing Ship |
| 22:53 | Build | Farm |
| 23:05 | Build | Stable |
| 23:13 | Create | Fishing Ship |
| 23:24 | Create | Fishing Ship |
| 23:37 | Research | Bloodlines |
| 23:40 | Research | Fletching |
| 24:13 | Create | Fishing Ship |
| 24:34 | Create | Villager (Male) |
| 24:36 | Research | Wheelbarrow |
| 24:43 | Age | Castle Age |
| 24:47 | Build | Town Center |
| 24:53 | Create | Knight |
| 24:54 | Create | Knight |
| 24:54 | Create | Knight |
| 24:54 | Create | Knight |
| 24:54 | Create | Knight |
| 24:55 | Create | Knight |
| 24:55 | Create | Knight |
| 25:00 | Research | Husbandry |
| 25:12 | Build | Town Center |
| 25:13 | Create | Villager (Male) |
| 25:20 | Build | Town Center |
| 25:30 | Build | Castle |
| 25:38 | Create | Villager (Male) |
| 25:51 | Build | Town Center |
| 25:53 | Create | Villager (Male) |
| 26:15 | Create | Villager (Male) |
| 26:15 | Create | Villager (Male) |
| 26:29 | Build | Farm |
| 26:36 | Create | Villager (Male) |
| 26:39 | Create | Villager (Male) |
| 26:48 | Build | Farm |
| 26:51 | Create | Villager (Male) |
| 27:26 | Create | Villager (Male) |
| 27:39 | Research | Hand Cart |
| 27:56 | Create | Villager (Male) |
| 27:59 | Create | Villager (Male) |
| 28:03 | Create | Villager (Male) |
| 28:06 | Research | Town Patrol |
| 28:26 | Create | Villager (Male) |
| 28:26 | Create | Villager (Male) |
| 28:27 | Create | Villager (Male) |
| 28:32 | Research | Gold Mining |
| 28:36 | Research | Stone Mining |
| 29:12 | Create | Transport Ship |
| 29:19 | Create | Knight |
| 29:22 | Create | Knight |
| 29:24 | Create | Knight |
| 29:31 | Create | Villager (Male) |
| 29:42 | Build | Farm |
| 29:46 | Create | Villager (Male) |
| 30:00 | Create | Villager (Male) |
| 30:22 | Research | Bow Saw |
| 30:27 | Research | Heavy Plow |
| 30:36 | Research | Imperial Age |
Build order — supermarios85
First 150 of 961 actions detected
| 0:01 | Create | Villager (Male) |
| 0:01 | Create | Villager (Male) |
| 0:01 | Create | Villager (Male) |
| 0:01 | Create | Villager (Male) |
| 0:03 | Build | House |
| 0:04 | Build | House |
| 1:31 | Create | Villager (Male) |
| 1:31 | Create | Villager (Male) |
| 1:46 | Build | Lumber Camp |
| 1:54 | Create | Villager (Male) |
| 1:54 | Create | Villager (Male) |
| 2:23 | Create | Villager (Male) |
| 2:51 | Create | Villager (Male) |
| 2:51 | Create | Villager (Male) |
| 3:02 | Create | Villager (Male) |
| 3:02 | Create | Villager (Male) |
| 3:31 | Create | Villager (Male) |
| 3:31 | Create | Villager (Male) |
| 3:49 | Create | Villager (Male) |
| 3:49 | Create | Villager (Male) |
| 3:53 | Build | House |
| 3:55 | Build | House |
| 4:19 | Build | Mill |
| 4:29 | Create | Villager (Male) |
| 4:30 | Create | Villager (Male) |
| 4:53 | Research | Loom |
| 5:10 | Create | Villager (Male) |
| 5:10 | Create | Villager (Male) |
| 5:24 | Create | Villager (Male) |
| 5:25 | Create | Villager (Male) |
| 5:41 | Create | Villager (Male) |
| 5:42 | Create | Villager (Male) |
| 5:55 | Build | Farm |
| 6:08 | Create | Villager (Male) |
| 6:08 | Create | Villager (Male) |
| 6:08 | Create | Villager (Male) |
| 6:21 | Create | Villager (Male) |
| 6:22 | Create | Villager (Male) |
| 6:24 | Build | Farm |
| 6:32 | Build | House |
| 6:44 | Build | Farm |
| 6:48 | Build | House |
| 7:08 | Create | Villager (Male) |
| 7:08 | Create | Villager (Male) |
| 7:46 | Build | Mining Camp |
| 7:50 | Create | Villager (Male) |
| 8:16 | Create | Villager (Male) |
| 8:22 | Build | House |
| 8:48 | Build | Palisade Wall |
| 9:02 | Build | House |
| 9:11 | Create | Villager (Male) |
| 9:12 | Research | Feudal Age |
| 10:26 | Build | House |
| 11:09 | Build | Farm |
| 11:15 | Build | Farm |
| 11:46 | Age | Feudal Age |
| 11:50 | Research | Castle Age |
| 11:50 | Research | Castle Age |
| 11:55 | Build | Stable |
| 12:24 | Create | Villager (Male) |
| 12:48 | Build | Stable |
| 13:29 | Research | Gold Mining |
| 13:29 | Research | Gold Mining |
| 13:46 | Create | Villager (Male) |
| 14:11 | Build | Farm |
| 14:15 | Build | Farm |
| 14:30 | Age | Castle Age |
| 14:33 | Create | Battle Elephant ×4 |
| 14:33 | Create | Battle Elephant ×4 |
| 15:01 | Create | Battle Elephant |
| 15:15 | Create | Battle Elephant |
| 15:25 | Create | Villager (Male) |
| 15:25 | Create | Villager (Male) |
| 15:25 | Create | Villager (Male) |
| 15:50 | Create | Villager (Male) |
| 16:18 | Create | Villager (Male) |
| 16:18 | Create | Villager (Male) |
| 17:16 | Create | Villager (Male) |
| 17:16 | Create | Villager (Male) |
| 17:25 | Build | Town Center |
| 17:50 | Create | Villager (Male) |
| 17:51 | Create | Villager (Male) |
| 17:51 | Create | Villager (Male) |
| 18:53 | Create | Villager (Male) |
| 18:53 | Create | Villager (Male) |
| 18:54 | Create | Villager (Male) |
| 19:17 | Create | Villager (Male) |
| 19:18 | Create | Villager (Male) |
| 19:18 | Create | Villager (Male) |
| 20:00 | Create | Villager (Male) |
| 20:00 | Create | Villager (Male) |
| 20:00 | Create | Villager (Male) |
| 20:11 | Build | Town Center |
| 20:33 | Create | Villager (Male) |
| 20:33 | Create | Villager (Male) |
| 20:33 | Create | Villager (Male) |
| 20:38 | Build | Farm |
| 20:38 | Build | Farm |
| 20:38 | Build | Farm |
| 20:41 | Build | Farm |
| 20:42 | Build | Farm |
| 20:43 | Build | Farm |
| 21:21 | Create | Villager (Male) |
| 21:21 | Create | Villager (Male) |
| 21:21 | Create | Villager (Male) |
| 21:21 | Create | Villager (Male) |
| 21:30 | Build | Market |
| 21:52 | Create | Villager (Male) |
| 21:53 | Create | Villager (Male) |
| 22:21 | Create | Villager (Male) |
| 22:21 | Create | Villager (Male) |
| 22:22 | Create | Villager (Male) |
| 22:22 | Create | Villager (Male) |
| 22:36 | Build | Siege Workshop |
| 22:38 | Build | Siege Workshop |
| 22:55 | Create | Villager (Male) |
| 22:55 | Create | Villager (Male) |
| 22:55 | Create | Villager (Male) |
| 22:55 | Create | Villager (Male) |
| 23:12 | Build | Town Center |
| 23:21 | Research | Double-Bit Axe |
| 23:21 | Research | Double-Bit Axe |
| 23:22 | Research | Horse Collar |
| 23:23 | Research | Horse Collar |
| 23:27 | Research | Stone Mining |
| 23:27 | Research | Stone Mining |
| 23:31 | Create | Villager (Male) |
| 23:32 | Create | Villager (Male) |
| 23:32 | Create | Villager (Male) |
| 23:40 | Build | Outpost |
| 23:44 | Build | Outpost |
| 23:46 | Build | Outpost |
| 23:48 | Create | Villager (Male) |
| 23:48 | Create | Villager (Male) |
| 23:53 | Build | House |
| 23:54 | Build | House |
| 23:55 | Build | House |
| 24:01 | Build | House |
| 24:03 | Build | House |
| 24:05 | Build | House |
| 24:10 | Build | House |
| 24:12 | Create | Villager (Male) |
| 24:13 | Create | Villager (Male) |
| 24:13 | Create | Villager (Male) |
| 24:20 | Create | Villager (Male) |
| 24:21 | Create | Villager (Male) |
| 24:21 | Create | Villager (Male) |
| 24:29 | Research | Town Watch |
| 24:44 | Create | Villager (Male) |
| 24:52 | Create | Scorpion ×5 |
Build order — Basado Basadez
First 150 of 548 actions detected
| 0:04 | Research | Loom |
| 0:09 | Build | House |
| 0:19 | Create | Villager (Male) |
| 0:20 | Create | Villager (Male) |
| 0:20 | Create | Villager (Male) |
| 1:26 | Build | House |
| 1:33 | Create | Villager (Male) |
| 2:05 | Create | Villager (Male) |
| 2:17 | Build | Dock |
| 2:41 | Create | Villager (Male) |
| 3:11 | Create | Villager (Male) |
| 3:40 | Create | Villager (Male) |
| 3:41 | Create | Villager (Male) |
| 3:41 | Create | Fishing Ship |
| 4:05 | Build | House |
| 4:17 | Create | Villager (Male) |
| 4:18 | Create | Villager (Male) |
| 4:43 | Create | Villager (Male) |
| 4:55 | Create | Fishing Ship |
| 5:11 | Build | House |
| 5:19 | Create | Villager (Male) |
| 5:41 | Create | Villager (Male) |
| 5:59 | Create | Villager (Male) |
| 6:08 | Build | Lumber Camp |
| 6:18 | Create | Villager (Male) |
| 6:39 | Create | Villager (Male) |
| 6:43 | Build | House |
| 7:11 | Create | Fishing Ship |
| 7:45 | Create | Villager (Male) |
| 7:46 | Create | Villager (Male) |
| 7:49 | Create | Fishing Ship |
| 8:04 | Build | Mill |
| 8:24 | Create | Villager (Male) |
| 8:24 | Create | Villager (Male) |
| 8:32 | Create | Fishing Ship |
| 8:44 | Build | House |
| 8:51 | Create | Villager (Male) |
| 9:26 | Research | Feudal Age |
| 9:32 | Build | Mining Camp |
| 9:46 | Create | Fishing Ship |
| 10:14 | Create | Villager (Male) |
| 10:15 | Create | Villager (Male) |
| 11:03 | Build | House |
| 11:15 | Build | Dock |
| 12:00 | Age | Feudal Age |
| 12:04 | Create | Villager (Male) |
| 12:04 | Create | Villager (Male) |
| 12:10 | Create | Fire Galley |
| 12:11 | Create | Fire Galley |
| 12:18 | Create | Fire Galley |
| 12:18 | Create | Fire Galley |
| 12:36 | Create | Fire Galley |
| 12:43 | Create | Villager (Male) |
| 12:44 | Create | Villager (Male) |
| 12:51 | Build | House |
| 13:25 | Build | House |
| 13:38 | Create | Fire Galley |
| 14:22 | Create | Villager (Male) |
| 14:22 | Create | Villager (Male) |
| 14:47 | Build | Blacksmith |
| 15:01 | Build | Market |
| 15:19 | Create | Villager (Male) |
| 15:19 | Create | Villager (Male) |
| 15:27 | Research | Double-Bit Axe |
| 15:41 | Create | Villager (Male) |
| 15:41 | Create | Villager (Male) |
| 15:44 | Research | Gold Mining |
| 15:56 | Build | House |
| 16:17 | Research | Castle Age |
| 18:01 | Build | Barracks |
| 18:11 | Create | Fishing Ship |
| 18:11 | Create | Fishing Ship |
| 18:11 | Create | Fishing Ship |
| 18:11 | Create | Fishing Ship |
| 18:12 | Create | Fishing Ship |
| 18:31 | Create | Villager (Male) |
| 18:31 | Create | Villager (Male) |
| 18:32 | Create | Villager (Male) |
| 18:50 | Research | Scale Mail Armor |
| 18:50 | Research | Forging |
| 18:55 | Create | Spearman ×5 |
| 18:55 | Create | Spearman ×5 |
| 18:55 | Create | Spearman ×5 |
| 18:56 | Create | Spearman ×5 |
| 19:16 | Age | Castle Age |
| 19:22 | Build | House |
| 19:31 | Build | Barracks |
| 19:37 | Build | House |
| 19:44 | Build | House |
| 19:49 | Research | Chain Mail Armor |
| 19:56 | Create | Villager (Male) |
| 19:57 | Create | Villager (Male) |
| 20:29 | Research | Squires |
| 20:30 | Research | Pikeman (upgrade) |
| 20:31 | Research | Arson |
| 20:59 | Build | Lumber Camp |
| 21:04 | Research | Iron Casting |
| 21:26 | Build | Town Center |
| 22:35 | Create | Villager (Male) |
| 22:35 | Create | Villager (Male) |
| 22:35 | Create | Villager (Male) |
| 22:36 | Create | Villager (Male) |
| 22:36 | Create | Villager (Male) |
| 23:14 | Create | Villager (Male) |
| 23:14 | Create | Villager (Male) |
| 23:14 | Create | Villager (Male) |
| 23:14 | Create | Villager (Male) |
| 23:15 | Create | Villager (Male) |
| 23:15 | Create | Villager (Male) |
| 23:15 | Create | Villager (Male) |
| 23:26 | Build | Town Center |
| 23:36 | Build | Farm |
| 23:38 | Build | Farm |
| 23:39 | Build | Farm |
| 23:48 | Build | Farm |
| 23:49 | Build | Farm |
| 23:50 | Build | Farm |
| 23:52 | Build | Farm |
| 23:54 | Build | Farm |
| 23:56 | Build | Farm |
| 23:59 | Research | Horse Collar |
| 24:05 | Build | House |
| 24:12 | Build | House |
| 24:38 | Build | Monastery |
| 25:18 | Create | Monk |
| 25:18 | Create | Monk |
| 25:18 | Create | Monk |
| 25:23 | Create | Villager (Male) |
| 25:23 | Create | Villager (Male) |
| 25:23 | Create | Villager (Male) |
| 25:23 | Create | Villager (Male) |
| 25:24 | Create | Villager (Male) |
| 25:24 | Create | Villager (Male) |
| 25:24 | Create | Villager (Male) |
| 25:24 | Create | Villager (Male) |
| 25:25 | Create | Villager (Male) |
| 25:50 | Build | Farm |
| 25:51 | Build | Farm |
| 25:51 | Build | Farm |
| 25:54 | Research | Heavy Plow |
| 26:07 | Research | Bow Saw |
| 26:27 | Create | Villager (Male) |
| 26:27 | Create | Villager (Male) |
| 26:40 | Build | House |
| 27:03 | Build | House |
| 27:07 | Build | House |
| 27:08 | Build | House |
| 27:10 | Build | House |
| 27:11 | Build | House |
| 27:19 | Create | Villager (Male) |
Build order — Ramme_07
First 150 of 1063 actions detected
| 0:02 | Create | Villager (Male) |
| 0:02 | Create | Villager (Male) |
| 0:02 | Create | Villager (Male) |
| 0:03 | Create | Villager (Male) |
| 0:04 | Build | House |
| 0:06 | Build | House |
| 1:39 | Create | Villager (Male) |
| 1:40 | Create | Villager (Male) |
| 1:55 | Build | Lumber Camp |
| 2:03 | Create | Villager (Male) |
| 2:04 | Create | Villager (Male) |
| 2:20 | Build | House |
| 2:26 | Build | House |
| 2:29 | Create | Villager (Male) |
| 2:29 | Create | Villager (Male) |
| 2:51 | Create | Villager (Male) |
| 2:51 | Create | Villager (Male) |
| 3:10 | Create | Villager (Male) |
| 3:10 | Create | Villager (Male) |
| 3:37 | Create | Villager (Male) |
| 3:57 | Create | Villager (Male) |
| 3:58 | Create | Villager (Male) |
| 4:32 | Create | Villager (Male) |
| 4:32 | Create | Villager (Male) |
| 5:03 | Create | Villager (Male) |
| 5:03 | Create | Villager (Male) |
| 5:16 | Create | Villager (Male) |
| 5:16 | Create | Villager (Male) |
| 5:37 | Build | Mill |
| 5:49 | Create | Villager (Male) |
| 5:49 | Create | Villager (Male) |
| 5:50 | Create | Villager (Male) |
| 5:50 | Create | Villager (Male) |
| 5:50 | Create | Villager (Male) |
| 5:56 | Create | Villager (Male) |
| 5:56 | Create | Villager (Male) |
| 6:31 | Create | Villager (Male) |
| 6:31 | Create | Villager (Male) |
| 7:13 | Create | Villager (Male) |
| 7:32 | Create | Villager (Male) |
| 9:16 | Research | Feudal Age |
| 9:19 | Create | Villager (Male) |
| 9:47 | Build | Lumber Camp |
| 9:58 | Create | Villager (Male) |
| 9:59 | Create | Villager (Male) |
| 10:20 | Build | Palisade Wall |
| 10:37 | Build | House |
| 10:38 | Build | House |
| 10:49 | Build | Palisade Wall |
| 11:02 | Build | Farm |
| 11:08 | Build | Farm |
| 11:18 | Build | Farm |
| 11:24 | Build | Farm |
| 11:26 | Age | Feudal Age |
| 11:35 | Research | Double-Bit Axe |
| 11:37 | Research | Horse Collar |
| 11:40 | Create | Villager (Male) |
| 11:40 | Create | Villager (Male) |
| 12:09 | Build | Barracks |
| 12:27 | Create | Villager (Male) |
| 12:27 | Create | Villager (Male) |
| 12:28 | Create | Villager (Male) |
| 12:28 | Create | Villager (Male) |
| 12:28 | Create | Villager (Male) |
| 12:28 | Create | Villager (Male) |
| 12:28 | Create | Villager (Male) |
| 12:29 | Create | Villager (Male) |
| 12:29 | Create | Villager (Male) |
| 12:29 | Create | Villager (Male) |
| 12:30 | Create | Villager (Male) |
| 12:47 | Build | Mining Camp |
| 13:03 | Build | Palisade Wall |
| 13:27 | Build | Palisade Wall |
| 13:37 | Build | Palisade Wall |
| 13:44 | Build | Palisade Gate |
| 13:53 | Build | Palisade Wall |
| 14:02 | Build | Palisade Gate |
| 14:22 | Build | Palisade Wall |
| 14:24 | Create | Villager (Male) |
| 14:24 | Create | Villager (Male) |
| 14:25 | Create | Villager (Male) |
| 14:25 | Create | Villager (Male) |
| 14:40 | Build | Archery Range |
| 14:53 | Build | Farm |
| 15:06 | Build | Farm |
| 15:24 | Build | Palisade Wall |
| 15:38 | Build | Farm |
| 16:01 | Build | House |
| 16:01 | Build | House |
| 16:25 | Build | Farm |
| 16:26 | Build | Farm |
| 16:55 | Build | Blacksmith |
| 17:03 | Create | Skirmisher |
| 17:04 | Create | Skirmisher |
| 17:11 | Create | Spearman |
| 17:11 | Create | Spearman |
| 17:11 | Create | Spearman |
| 17:13 | Create | Spearman |
| 17:19 | Create | Skirmisher |
| 17:50 | Research | Castle Age |
| 18:01 | Build | Farm |
| 18:12 | Build | Mining Camp |
| 18:31 | Research | Gold Mining |
| 18:31 | Research | Stone Mining |
| 18:51 | Create | Villager (Male) |
| 18:51 | Create | Villager (Male) |
| 19:01 | Build | Farm |
| 19:09 | Build | Farm |
| 19:18 | Build | Farm |
| 19:27 | Build | Farm |
| 19:47 | Build | Palisade Gate |
| 19:53 | Create | Villager (Male) |
| 19:53 | Create | Villager (Male) |
| 20:07 | Research | Fletching |
| 20:32 | Build | House |
| 20:33 | Age | Castle Age |
| 20:33 | Build | House |
| 20:37 | Research | Heavy Plow |
| 20:57 | Build | Town Center |
| 21:16 | Build | Town Center |
| 21:20 | Research | Bow Saw |
| 21:24 | Create | Villager (Male) |
| 21:25 | Create | Villager (Male) |
| 21:25 | Create | Villager (Male) |
| 21:38 | Build | Farm |
| 21:39 | Build | Farm |
| 21:40 | Build | Farm |
| 21:55 | Build | Monastery |
| 22:03 | Create | Villager (Male) |
| 22:03 | Create | Villager (Male) |
| 22:03 | Create | Villager (Male) |
| 22:14 | Build | University |
| 22:45 | Create | Villager (Male) |
| 22:46 | Create | Villager (Male) |
| 22:46 | Create | Villager (Male) |
| 22:56 | Create | Monk |
| 22:57 | Create | Monk |
| 23:12 | Build | Archery Range |
| 23:19 | Create | Villager (Male) |
| 23:19 | Create | Villager (Male) |
| 23:19 | Create | Villager (Male) |
| 23:19 | Create | Villager (Male) |
| 23:20 | Create | Villager (Male) |
| 23:28 | Build | Farm |
| 23:29 | Build | Farm |
| 23:30 | Build | Farm |
| 23:34 | Create | Villager (Male) |
| 23:35 | Create | Villager (Male) |
| 23:35 | Create | Villager (Male) |
| 23:39 | Create | Skirmisher |
Build order — The Bear Jew
First 150 of 472 actions detected
| 0:03 | Create | Villager (Male) |
| 0:03 | Create | Villager (Male) |
| 0:04 | Create | Villager (Male) |
| 0:04 | Create | Villager (Male) |
| 0:07 | Build | House |
| 0:10 | Build | House |
| 0:33 | Build | House |
| 0:52 | Build | House |
| 1:37 | Build | House |
| 1:44 | Research | Loom |
| 1:47 | Create | Villager (Male) |
| 2:13 | Create | Villager (Male) |
| 3:08 | Create | Villager (Male) |
| 3:10 | Create | Villager (Male) |
| 3:42 | Create | Villager (Male) |
| 3:44 | Create | Villager (Male) |
| 4:00 | Build | Lumber Camp |
| 4:29 | Create | Villager (Male) |
| 4:58 | Create | Villager (Male) |
| 5:10 | Build | Mill |
| 5:18 | Create | Villager (Male) |
| 5:38 | Build | House |
| 5:41 | Build | House |
| 5:42 | Build | House |
| 5:49 | Build | House |
| 5:54 | Build | House |
| 5:56 | Build | House |
| 5:58 | Build | House |
| 6:52 | Create | Villager (Male) |
| 6:54 | Create | Villager (Male) |
| 6:55 | Create | Villager (Male) |
| 6:56 | Create | Villager (Male) |
| 7:49 | Build | Palisade Wall |
| 8:05 | Create | Villager (Male) |
| 8:17 | Create | Villager (Male) |
| 8:47 | Create | Villager (Male) |
| 9:44 | Create | Villager (Male) |
| 10:12 | Research | Feudal Age |
| 10:17 | Build | Farm |
| 10:18 | Build | Farm |
| 10:18 | Build | Farm |
| 10:19 | Build | Farm |
| 10:20 | Build | Farm |
| 10:25 | Build | Farm |
| 10:25 | Build | Farm |
| 10:26 | Build | Farm |
| 10:28 | Build | Farm |
| 10:30 | Build | Farm |
| 11:09 | Build | Farm |
| 11:45 | Build | House |
| 11:48 | Build | House |
| 11:50 | Build | House |
| 11:53 | Build | House |
| 12:23 | Age | Feudal Age |
| 12:29 | Build | Stone Wall |
| 12:44 | Build | Stone Wall |
| 12:56 | Create | Villager (Male) |
| 12:57 | Create | Villager (Male) |
| 12:58 | Create | Villager (Male) |
| 13:00 | Research | Double-Bit Axe |
| 13:30 | Build | Mining Camp |
| 13:36 | Create | Villager (Male) |
| 13:41 | Research | Horse Collar |
| 14:06 | Build | Farm |
| 14:15 | Create | Villager (Male) |
| 14:37 | Create | Villager (Male) |
| 15:45 | Create | Villager (Male) |
| 16:09 | Build | Barracks |
| 16:12 | Build | House |
| 16:14 | Build | House |
| 16:22 | Create | Villager (Male) |
| 16:49 | Build | Blacksmith |
| 16:59 | Build | Stable |
| 17:18 | Create | Spearman |
| 17:18 | Create | Spearman |
| 17:19 | Create | Spearman |
| 17:34 | Research | Castle Age |
| 17:40 | Create | Spearman |
| 18:36 | Research | Fletching |
| 19:43 | Build | Barracks |
| 20:14 | Age | Castle Age |
| 20:20 | Create | Villager (Male) |
| 20:20 | Create | Villager (Male) |
| 21:58 | Build | Stone Wall |
| 22:11 | Research | Squires |
| 22:28 | Build | Stone Wall |
| 22:39 | Build | Gate |
| 22:48 | Research | Bow Saw |
| 22:51 | Research | Heavy Plow |
| 23:13 | Create | Villager (Male) |
| 23:13 | Create | Villager (Male) |
| 23:13 | Create | Villager (Male) |
| 23:13 | Create | Villager (Male) |
| 23:14 | Create | Villager (Male) |
| 23:32 | Build | Farm |
| 23:45 | Build | Stone Wall |
| 24:00 | Build | Stone Wall |
| 24:07 | Build | Stone Wall |
| 24:23 | Create | Villager (Male) |
| 24:25 | Create | Villager (Male) |
| 25:32 | Build | Mining Camp |
| 25:35 | Create | Villager (Male) |
| 25:38 | Create | Villager (Male) |
| 25:41 | Create | Villager (Male) |
| 25:43 | Research | Stone Mining |
| 25:44 | Research | Gold Mining |
| 25:56 | Build | Barracks |
| 26:02 | Build | Barracks |
| 26:45 | Build | Town Center |
| 27:30 | Create | Villager (Male) |
| 27:32 | Create | Villager (Male) |
| 27:43 | Create | Villager (Male) |
| 27:44 | Create | Villager (Male) |
| 27:58 | Create | Spearman |
| 27:58 | Create | Spearman |
| 27:58 | Create | Spearman |
| 27:58 | Create | Spearman |
| 27:59 | Create | Spearman |
| 27:59 | Create | Spearman |
| 27:59 | Create | Spearman |
| 28:05 | Research | Pikeman (upgrade) |
| 28:27 | Build | Blacksmith |
| 28:40 | Create | Villager (Male) |
| 28:40 | Create | Villager (Male) |
| 28:40 | Create | Villager (Male) |
| 28:41 | Create | Villager (Male) |
| 28:41 | Create | Villager (Male) |
| 29:16 | Build | Town Center |
| 29:23 | Create | Villager (Male) |
| 29:23 | Create | Villager (Male) |
| 29:25 | Create | Villager (Male) |
| 29:25 | Create | Villager (Male) |
| 29:25 | Create | Villager (Male) |
| 29:26 | Create | Villager (Male) |
| 29:28 | Create | Villager (Male) |
| 29:37 | Create | Spearman |
| 29:42 | Research | Forging |
| 29:42 | Research | Scale Mail Armor |
| 30:08 | Build | Stable |
| 30:39 | Research | Bloodlines |
| 30:40 | Create | Knight |
| 30:40 | Create | Knight |
| 30:40 | Create | Knight |
| 31:24 | Create | Spearman |
| 31:25 | Create | Spearman |
| 31:26 | Create | Spearman |
| 31:41 | Create | Villager (Male) |
| 31:42 | Create | Villager (Male) |
| 31:42 | Create | Villager (Male) |
| 31:43 | Create | Villager (Male) |
Build order — yangka.dragon
First 150 of 695 actions detected
| 0:02 | Create | Villager (Male) |
| 0:03 | Create | Villager (Male) |
| 0:03 | Create | Villager (Male) |
| 0:18 | Build | House |
| 0:20 | Build | House |
| 0:26 | Research | Loom |
| 0:26 | Research | Loom |
| 0:35 | Create | Villager (Male) |
| 0:35 | Create | Villager (Male) |
| 0:35 | Create | Villager (Male) |
| 0:41 | Build | House |
| 0:42 | Build | House |
| 1:43 | Create | Villager (Male) |
| 2:17 | Build | Mill |
| 2:18 | Create | Villager (Male) |
| 2:49 | Create | Villager (Male) |
| 3:13 | Create | Villager (Male) |
| 3:43 | Create | Villager (Male) |
| 4:15 | Build | Lumber Camp |
| 4:16 | Create | Villager (Male) |
| 4:32 | Create | Villager (Male) |
| 5:03 | Create | Villager (Male) |
| 5:04 | Create | Villager (Male) |
| 5:10 | Build | House |
| 5:34 | Create | Villager (Male) |
| 5:54 | Create | Villager (Male) |
| 5:54 | Create | Villager (Male) |
| 6:23 | Build | Palisade Wall |
| 6:32 | Create | Villager (Male) |
| 6:32 | Create | Villager (Male) |
| 6:51 | Build | Dock |
| 6:52 | Create | Villager (Male) |
| 6:58 | Build | Farm |
| 7:00 | Build | Farm |
| 7:23 | Create | Villager (Male) |
| 7:24 | Create | Villager (Male) |
| 7:30 | Build | Farm |
| 7:45 | Create | Villager (Male) |
| 8:01 | Build | Palisade Wall |
| 8:04 | Create | Villager (Male) |
| 8:04 | Create | Villager (Male) |
| 8:16 | Create | Villager (Male) |
| 8:17 | Create | Villager (Male) |
| 8:17 | Create | Villager (Male) |
| 8:28 | Create | Fishing Ship |
| 8:34 | Build | House |
| 8:37 | Build | House |
| 8:40 | Create | Villager (Male) |
| 8:41 | Create | Villager (Male) |
| 9:00 | Create | Villager (Male) |
| 9:12 | Create | Villager (Male) |
| 9:22 | Create | Fishing Ship |
| 9:34 | Build | Mining Camp |
| 9:35 | Create | Villager (Male) |
| 9:35 | Create | Villager (Male) |
| 9:35 | Create | Villager (Male) |
| 9:50 | Build | Palisade Wall |
| 10:10 | Create | Villager (Male) |
| 10:10 | Create | Villager (Male) |
| 10:10 | Create | Villager (Male) |
| 10:23 | Create | Villager (Male) |
| 10:44 | Create | Villager (Male) |
| 10:44 | Create | Villager (Male) |
| 10:44 | Create | Villager (Male) |
| 10:47 | Build | Mining Camp |
| 11:04 | Build | Farm |
| 11:41 | Research | Feudal Age |
| 11:41 | Research | Feudal Age |
| 13:01 | Create | Fishing Ship |
| 13:51 | Age | Feudal Age |
| 14:04 | Create | Villager (Male) |
| 14:04 | Create | Villager (Male) |
| 14:21 | Build | Stone Wall |
| 14:58 | Build | Stone Wall |
| 15:09 | Build | Stone Wall |
| 15:15 | Build | Blacksmith |
| 15:28 | Build | Market |
| 15:37 | Build | Stone Wall |
| 15:58 | Research | Castle Age |
| 15:59 | Research | Castle Age |
| 16:12 | Build | Stone Wall |
| 16:20 | Build | Stone Wall |
| 16:34 | Build | Lumber Camp |
| 17:11 | Research | Double-Bit Axe |
| 17:11 | Research | Double-Bit Axe |
| 17:14 | Research | Gold Mining |
| 17:14 | Research | Gold Mining |
| 18:23 | Build | Stone Wall |
| 18:38 | Age | Castle Age |
| 18:43 | Research | Wheelbarrow |
| 18:51 | Build | Town Center |
| 19:16 | Research | Bow Saw |
| 19:34 | Create | Villager (Male) |
| 19:44 | Build | Town Center |
| 19:53 | Create | Villager (Male) |
| 19:54 | Create | Villager (Male) |
| 19:57 | Create | Villager (Male) |
| 19:57 | Create | Villager (Male) |
| 20:24 | Create | Villager (Male) |
| 20:25 | Create | Villager (Male) |
| 20:50 | Build | House |
| 20:51 | Build | House |
| 20:53 | Build | House |
| 20:54 | Build | House |
| 20:55 | Build | House |
| 20:56 | Create | Villager (Male) |
| 20:57 | Create | Villager (Male) |
| 21:10 | Build | Farm |
| 21:13 | Build | Farm |
| 21:21 | Create | Villager (Male) |
| 21:22 | Create | Villager (Male) |
| 21:26 | Create | Villager (Male) |
| 21:33 | Create | Villager (Male) |
| 21:44 | Build | Farm |
| 21:48 | Build | Farm |
| 21:54 | Build | Farm |
| 21:58 | Build | Farm |
| 22:03 | Build | Farm |
| 22:09 | Create | Villager (Male) |
| 22:25 | Create | Villager (Male) |
| 22:28 | Build | Farm |
| 22:30 | Build | Farm |
| 22:32 | Build | Farm |
| 22:36 | Build | Farm |
| 22:42 | Build | Farm |
| 22:53 | Build | Farm |
| 23:00 | Build | Farm |
| 23:10 | Build | Farm |
| 23:13 | Build | Farm |
| 23:14 | Create | Villager (Male) |
| 23:14 | Create | Villager (Male) |
| 23:15 | Create | Villager (Male) |
| 23:15 | Create | Villager (Male) |
| 23:24 | Build | Farm |
| 23:27 | Build | Farm |
| 23:31 | Build | Farm |
| 23:34 | Build | Farm |
| 23:36 | Create | Villager (Male) |
| 23:37 | Create | Villager (Male) |
| 23:37 | Create | Villager (Male) |
| 23:58 | Build | House |
| 23:59 | Build | House |
| 24:00 | Build | House |
| 24:02 | Build | House |
| 24:05 | Create | Villager (Male) |
| 24:06 | Create | Villager (Male) |
| 24:06 | Create | Villager (Male) |
| 24:45 | Build | Town Center |
| 24:49 | Create | Villager (Male) |
| 24:50 | Create | Villager (Male) |
Match timeline
| 2:17 | Basado Basadez · first_building Dock |
| 6:23 | yangka.dragon · wall_segment Palisade Wall x11 |
| 6:51 | yangka.dragon · first_building Dock |
| 7:49 | The Bear Jew · wall_segment Palisade Wall x7 |
| 8:01 | yangka.dragon · wall_segment Palisade Wall x10 |
| 8:02 | Goroez · first_building Barracks |
| 8:48 | supermarios85 · wall_segment Palisade Wall x1 |
| 9:50 | yangka.dragon · wall_segment Palisade Wall x9 |
| 10:20 | Ramme_07 · wall_segment Palisade Wall x14 |
| 10:34 | Goroez · age_up feudal |
| 10:37 | Goroez · first_building Stable |
| 10:49 | Ramme_07 · wall_segment Palisade Wall x9 |
| 11:26 | Ramme_07 · age_up feudal |
| 11:46 | supermarios85 · age_up feudal |
| 11:55 | supermarios85 · first_building Stable |
| 12:00 | Basado Basadez · age_up feudal |
| 12:09 | Ramme_07 · first_building Barracks |
| 12:23 | The Bear Jew · age_up feudal |
| 12:29 | The Bear Jew · wall_segment Stone Wall x7 |
| 12:44 | The Bear Jew · wall_segment Stone Wall x8 |
| 13:03 | Ramme_07 · wall_segment Palisade Wall x11 |
| 13:27 | Ramme_07 · wall_segment Palisade Wall x12 |
| 13:37 | Ramme_07 · wall_segment Palisade Wall x2 |
| 13:51 | yangka.dragon · age_up feudal |
| 13:53 | Ramme_07 · wall_segment Palisade Wall x3 |
| 14:21 | yangka.dragon · wall_segment Stone Wall x3 |
| 14:22 | Ramme_07 · wall_segment Palisade Wall x16 |
| 14:30 | supermarios85 · age_up castle |
| 14:40 | Ramme_07 · first_building Archery Range |
| 14:58 | yangka.dragon · wall_segment Stone Wall x6 |
| 15:09 | yangka.dragon · wall_segment Stone Wall x5 |
| 15:24 | Ramme_07 · wall_segment Palisade Wall x1 |
| 15:37 | yangka.dragon · wall_segment Stone Wall x12 |
| 16:09 | The Bear Jew · first_building Barracks |
| 16:12 | yangka.dragon · wall_segment Stone Wall x3 |
| 16:20 | yangka.dragon · wall_segment Stone Wall x13 |
| 16:59 | The Bear Jew · first_building Stable |
| 18:01 | Basado Basadez · first_building Barracks |
| 18:23 | yangka.dragon · wall_segment Stone Wall x9 |
| 18:38 | yangka.dragon · age_up castle |
| 19:16 | Basado Basadez · age_up castle |
| 20:14 | The Bear Jew · age_up castle |
| 20:33 | Ramme_07 · age_up castle |
| 20:56 | Goroez · first_building Dock |
| 21:55 | Ramme_07 · first_building Monastery |
| 21:58 | The Bear Jew · wall_segment Stone Wall x3 |
| 22:28 | The Bear Jew · wall_segment Stone Wall x4 |
| 22:36 | supermarios85 · first_building Siege Workshop |
| 23:18 | supermarios85 · first_market_buy 100 food |
| 23:45 | The Bear Jew · wall_segment Stone Wall x9 |
| 24:00 | The Bear Jew · wall_segment Stone Wall x1 |
| 24:07 | The Bear Jew · wall_segment Stone Wall x5 |
| 24:38 | Basado Basadez · first_building Monastery |
| 24:43 | Goroez · age_up castle |
| 25:05 | yangka.dragon · first_building Castle |
| 25:13 | supermarios85 · wall_segment Stone Wall x9 |
| 25:30 | Goroez · first_building Castle |
| 25:46 | yangka.dragon · first_building Monastery |
| 26:47 | Goroez · first_market_buy 100 wood |
| 27:04 | supermarios85 · first_market_sell 100 wood |
| 29:44 | Ramme_07 · first_building Castle |
| 30:03 | Ramme_07 · first_market_sell 100 food |
| 30:07 | Basado Basadez · first_building Castle |
| 31:09 | supermarios85 · first_building Castle |
| 32:39 | yangka.dragon · age_up imperial |
| 33:19 | Ramme_07 · age_up imperial |
| 33:23 | yangka.dragon · first_market_sell 500 food |
| 33:46 | Goroez · age_up imperial |
| 35:14 | supermarios85 · age_up imperial |
| 35:34 | Basado Basadez · age_up imperial |
| 37:43 | The Bear Jew · first_building Castle |
| 39:28 | yangka.dragon · wall_segment Stone Wall x7 |
| 39:34 | supermarios85 · first_building Barracks |
| 40:51 | yangka.dragon · wall_segment Stone Wall x12 |
| 42:49 | yangka.dragon · first_building Siege Workshop |
| 43:36 | Ramme_07 · first_market_buy 100 stone |
| 46:10 | The Bear Jew · age_up imperial |
| 48:49 | Basado Basadez · first_market_sell 500 food |
| 49:42 | supermarios85 · tribute_sent a jugador 1 |
| 49:42 | supermarios85 · tribute_sent a jugador 3 |
| 49:42 | supermarios85 · tribute_sent a jugador 4 |
| 49:42 | supermarios85 · tribute_sent a jugador 5 |
| 49:42 | supermarios85 · tribute_sent a jugador 6 |
| 51:30 | yangka.dragon · wall_segment Stone Wall x18 |
| 51:47 | yangka.dragon · wall_segment Stone Wall x24 |
| 53:42 | yangka.dragon · wall_segment Stone Wall x16 |
| 56:06 | yangka.dragon · first_building Barracks |
| 56:34 | yangka.dragon · first_building Stable |
| 58:13 | The Bear Jew · wall_segment Stone Wall x4 |
| 58:14 | supermarios85 · tribute_sent a jugador 1 |
| 58:14 | supermarios85 · tribute_sent a jugador 3 |
| 58:14 | supermarios85 · tribute_sent a jugador 4 |
| 58:14 | supermarios85 · tribute_sent a jugador 5 |
| 58:14 | supermarios85 · tribute_sent a jugador 6 |
| 59:41 | yangka.dragon · wall_segment Stone Wall x12 |
| 59:53 | The Bear Jew · first_building Siege Workshop |
| 61:31 | Goroez · first_market_sell 100 food |
| 64:31 | Goroez · tribute_sent a jugador 2 |
| 64:31 | Goroez · tribute_sent a jugador 3 |
| 64:31 | Goroez · tribute_sent a jugador 4 |
| 64:31 | Goroez · tribute_sent a jugador 5 |
| 64:31 | Goroez · tribute_sent a jugador 6 |
| 65:05 | yangka.dragon · wall_segment Stone Wall x2 |
| 65:55 | yangka.dragon · wall_segment Stone Wall x4 |
| 66:49 | yangka.dragon · wall_segment Stone Wall x1 |
| 68:02 | yangka.dragon · wall_segment Stone Wall x2 |
| 68:22 | yangka.dragon · wall_segment Stone Wall x32 |
| 70:49 | The Bear Jew · wall_segment Stone Wall x8 |
| 71:42 | The Bear Jew · wall_segment Stone Wall x8 |
| 73:32 | yangka.dragon · wall_segment Stone Wall x18 |
| 73:37 | Goroez · tribute_sent a jugador 2 |
| 73:37 | Goroez · tribute_sent a jugador 3 |
| 73:37 | Goroez · tribute_sent a jugador 4 |
| 73:37 | Goroez · tribute_sent a jugador 5 |
| 73:37 | Goroez · tribute_sent a jugador 6 |
| 74:11 | The Bear Jew · first_market_sell 500 wood |
| 74:40 | The Bear Jew · first_building Monastery |
| 74:42 | supermarios85 · wall_segment Stone Wall x4 |
| 75:24 | Goroez · tribute_sent a jugador 2 |
| 75:24 | Goroez · tribute_sent a jugador 3 |
| 75:24 | Goroez · tribute_sent a jugador 4 |
| 75:24 | Goroez · tribute_sent a jugador 5 |
| 75:24 | Goroez · tribute_sent a jugador 6 |
| 76:03 | supermarios85 · tribute_sent a jugador 1 |
| 76:03 | supermarios85 · tribute_sent a jugador 3 |
| 76:03 | supermarios85 · tribute_sent a jugador 4 |
| 76:03 | supermarios85 · tribute_sent a jugador 5 |
| 76:03 | supermarios85 · tribute_sent a jugador 6 |
| 77:55 | Goroez · tribute_sent a jugador 2 |
| 77:55 | Goroez · tribute_sent a jugador 3 |
| 77:55 | Goroez · tribute_sent a jugador 4 |
| 77:55 | Goroez · tribute_sent a jugador 5 |
| 77:55 | Goroez · tribute_sent a jugador 6 |
| 78:03 | Goroez · tribute_sent a jugador 2 |
| 78:03 | Goroez · tribute_sent a jugador 3 |
| 78:03 | Goroez · tribute_sent a jugador 4 |
| 78:03 | Goroez · tribute_sent a jugador 5 |
| 78:03 | Goroez · tribute_sent a jugador 6 |
| 78:09 | Goroez · tribute_sent a jugador 2 |
| 78:09 | Goroez · tribute_sent a jugador 3 |
| 78:09 | Goroez · tribute_sent a jugador 4 |
| 78:09 | Goroez · tribute_sent a jugador 5 |
| 78:09 | Goroez · tribute_sent a jugador 6 |
| 78:12 | yangka.dragon · wall_segment Stone Wall x1 |
| 78:20 | yangka.dragon · wall_segment Stone Wall x17 |
| 78:30 | yangka.dragon · wall_segment Stone Wall x20 |
| 78:42 | yangka.dragon · wall_segment Stone Wall x33 |
| 78:51 | yangka.dragon · wall_segment Stone Wall x1 |
| 79:36 | yangka.dragon · wall_segment Stone Wall x11 |
| 79:56 | yangka.dragon · wall_segment Stone Wall x5 |
| 80:34 | supermarios85 · wall_segment Stone Wall x14 |
| 82:24 | yangka.dragon · wall_segment Stone Wall x23 |
| 82:30 | yangka.dragon · wall_segment Stone Wall x1 |
| 87:38 | The Bear Jew · wall_segment Stone Wall x7 |
| 88:04 | yangka.dragon · wall_segment Stone Wall x35 |
| 88:16 | yangka.dragon · wall_segment Stone Wall x32 |
| 96:39 | Ramme_07 · wall_segment Palisade Wall x43 |
| 97:28 | The Bear Jew · first_market_buy 100 stone |
| 100:07 | The Bear Jew · wall_segment Stone Wall x4 |
| 103:12 | The Bear Jew · resign |
[ AI ANALYSIS · 1 CREDIT ]
What really happened in this match?
Wolo.gg analyzes every decision: build order, eco, micro, common mistakes by bracket. Personalized analysis on WhatsApp or Discord in 30 seconds.
Civ guide
Huns
Perfil
Jugador #1151213